 Dungeon Crawl Stone Soup version 0.23.2 (webtiles) character file.

Game seed: 2741089917301874642

377592 Peloso the Hoplite (level 21, -3/141 HPs)
             Began as a Minotaur Fighter on Apr 10, 2019.
             Was the Champion of Okawaru.
             Slain by Morbidden's ghost (22 damage)
             ... on level 2 of the Vaults on Apr 11, 2019.
             The game lasted 03:03:14 (55135 turns).

Peloso the Hoplite (Minotaur Fighter)              Turns: 55135, Time: 03:03:14

Health: -3/141     AC: 25    Str: 33    XL:     21   Next: 83%
Magic:  22/22      EV: 23    Int:  8    God:    Okawaru [******]
Gold:   3489       SH: 20    Dex: 22    Spells: 20/20 levels left

rFire    + . .     SeeInvis +   a - +10 scimitar of Ucivo {slice, rN+ MR+ Dex-2}
rCold    + + .     Gourm    .   l - +0 shield of Fysmut {Dex+3}
rNeg     + . .     Faith    .   L - +4 chain mail "Ynleuz" {rC+ Regen+ Dex+2 Stlth+}
rPois    .         Spirit   .   H - +2 hat {SInv}
rElec    .         Reflect  .   P - scarf {cloud immunity}
rCorr    .         Harm     .   E - +2 pair of gloves "Fuel Caora" {+Inv}
MR       ++...     Rnd*Rage +   K - +0 pair of boots
Stlth    +.........             R - amulet "Evohegga" {rF++ MR++ Regen+}
HPRegen  1.13/turn              Q - ring of Elaan {Ice Str+3 Dex+4}
MPRegen  0.18/turn              w - ring of Ru's Fury {EV+4 Int+5 Dex+4}

@: lethally poisoned (-3 -> -3), vulnerable, berserk cooldown, slowed, lightly
drained, very slow
A: retaliatory headbutt, horns 2, berserk 1, dopey 1, frail 3
}: 2/15 runes: serpentine, barnacled
a: Heroism, Finesse, Renounce Religion, Evoke Invisibility


You were on level 2 of the Vaults.
You worshipped Okawaru.
Okawaru was exalted by your worship.
You were not hungry.

You visited 8 branches of the dungeon, and saw 36 of its levels.
You visited the Abyss 1 time.
You also visited: Desolation.

You collected 4553 gold pieces.
You spent 1064 gold pieces at shops.

Inventory:

Hand Weapons
 a - the +10 scimitar of Ucivo (weapon) {slice, rN+ MR+ Dex-2}
   (Okawaru gifted it to you in the Desolation of Salt)

   It inflicts extra damage upon your enemies.
   It affects your dexterity (-2).
   It protects you from negative energy.
   It affects your resistance to hostile enchantments.
 b - the +7 falchion of Inconvenience {protect, rElec rPois Int+3}
   (Okawaru gifted it to you on level 4 of the Snake Pit)

   It protects the one who uses it against injury (+AC on strike).
   It affects your intelligence (+3).
   It insulates you from electricity.
   It protects you from poison.
 G - a +3 double sword of slicing
 J - the +3 shortbow of Netunn {freeze, Str+2 Int+3, unknown}
   (You found it in the Desolation of Salt)

   It causes projectiles fired from it to freeze those they strike, causing
   extra injury to most foes and up to half again as much damage against
   particularly susceptible opponents.
   They can also slow down cold-blooded creatures.
   It affects your strength (+2).
   It affects your intelligence (+3).
 U - the +1 falchion of Ulobaaf {holy, *Drain MR+ Stlth+}
   (You found it in the Desolation of Salt)

   It has been blessed by the Shining One to cause great damage to the undead
   and demons.
   It affects your resistance to hostile enchantments.
   It causes draining when unequipped.
   It makes you more stealthy.
Armour
 l - the +0 shield of Fysmut (worn) {Dex+3}
   (Okawaru gifted it to you on level 2 of the Lair of Beasts)

   It affects your dexterity (+3).
 t - +0 fire dragon scales
 E - the +2 pair of gloves "Fuel Caora" (worn) {+Inv}
   (You found it on level 8 of the Dungeon)

   It lets you turn invisible.
 H - a +2 hat of see invisible (worn)
 K - a +0 pair of boots (worn)
 L - the +4 chain mail "Ynleuz" (worn) {rC+ Regen+ Dex+2 Stlth+}
   (You found it on level 2 of the Shoals)

   It affects your dexterity (+2).
   It protects you from cold.
   It increases your rate of regeneration.
   It makes you more stealthy.
 O - the +4 skin of Zhor {Hibernate rC+++ SInv}
   (You found it in the Desolation of Salt)

   It renders you almost immune to cold.
   It lets you see invisible.
 P - a scarf of cloud immunity (worn)
Jewellery
 j - an uncursed ring of see invisible
 k - an uncursed ring of flight
 s - a +3 amulet of reflection
 w - the ring of Ru's Fury (right hand) {EV+4 Int+5 Dex+4}
   (You bought it in a shop on level 12 of the Dungeon)

   [ring of evasion]

   It affects your evasion (+4).
   It affects your intelligence (+5).
   It affects your dexterity (+4).
 y - a +2 ring of dexterity
 z - the amulet "Cyel" {Spirit rC++ Str+4 Stlth-}
   (You found it in the Desolation of Salt)

   [amulet of guardian spirit]

   It causes incoming damage to be split between your health and magic.
   It affects your strength (+4).
   It greatly protects you from cold.
   It makes you less stealthy.
 D - an uncursed ring of poison resistance
 F - an uncursed ring of resist corrosion
 I - the amulet "Haoriuri" {*Corrode rF++ Regen+ MP+9 SInv}
   (You found it in the Desolation of Salt)

   [amulet of regeneration]

   It greatly protects you from fire.
   It affects your magic capacity (+9).
   It lets you see invisible.
   It increases your rate of regeneration.
   It may corrode you when you take damage.
 Q - the ring of Elaan (left hand) {Ice Str+3 Dex+4}
   (You took it off a merfolk impaler on level 4 of the Shoals)

   [ring of ice]

   It enhances your ice magic.
   It affects your strength (+3).
   It affects your dexterity (+4).
   It makes you vulnerable to fire.
   It protects you from cold.
 R - the amulet "Evohegga" (around neck) {rF++ MR++ Regen+}
   (You found it on level 4 of the Shoals)

   [amulet of regeneration]

   It greatly protects you from fire.
   It affects your resistance to hostile enchantments.
   It increases your rate of regeneration.
Wands
 r - a wand of flame (27)
 N - a wand of digging (2)
Scrolls
 d - 6 scrolls of identify
 g - a scroll of teleportation
 i - a scroll of enchant weapon
 n - a scroll of enchant armour
 o - 9 scrolls of fear
 v - 14 scrolls of remove curse
 x - 2 scrolls of magic mapping
 A - a scroll of blinking
 M - a scroll of silence
 S - a scroll of summoning
Potions
 c - 2 potions of berserk rage
 e - a potion of haste
 h - a potion of agility
 m - a potion of heal wounds
 p - a potion of mutation
 q - 11 potions of curing
 u - 2 potions of flight
 B - 3 potions of resistance
 V - a potion of magic
 Y - a potion of might
Miscellaneous
 C - a crystal ball of energy
 T - a phial of floods
Comestibles
 f - 46 rations
 W - 10 chunks of flesh


   Skills:
 + Level 20.4(20.3) Fighting
 + Level 20.9(20.8) Long Blades
 + Level 17.2(17.1) Armour
 + Level 11.2 Dodging
 + Level 4.0(3.9) Stealth
 + Level 26.2(26.1) Shields
 + Level 3.6(3.5) Invocations
 + Level 2.6(2.5) Evocations


You had 20 spell levels left.
You didn't know any spells.
Your spell library contained the following spells:

 Spells                   Type           Power        Failure   Level  Hunger
 Animate Skeleton         Necr           N/A          75%         1    ##.....
 Apportation              Tloc           #.....       75%         1    ##.....
 Beastly Appendage        Tmut           #.....       75%         1    ##.....
 Confusing Touch          Hex            #.....       75%         1    ##.....
 Corona                   Hex            #......      75%         1    ##.....
 Flame Tongue             Conj/Fire      #....        75%         1    ##.....
 Infusion                 Chrm           #...         75%         1    ##.....
 Magic Dart               Conj           #...         75%         1    ##.....
 Shock                    Conj/Air       #...         75%         1    ##.....
 Summon Butterflies       Summ           #.......     75%         1    ##.....
 Summon Small Mammal      Summ           #...         75%         1    ##.....
 Blink                    Tloc           N/A          87%         2    ###....
 Call Imp                 Summ           #.......     87%         2    ###....
 Corpse Rot               Necr           N/A          87%         2    ###....
 Ensorcelled Hibernation  Hex/Ice        #.....       87%         2    ###....
 Passwall                 Tmut/Erth      #.......     87%         2    ###....
 Shroud of Golubria       Chrm/Tloc      #.........   87%         2    ###....
 Slow                     Hex            #.......     87%         2    ###....
 Sticks to Snakes         Tmut           #.......     87%         2    ###....
 Sublimation of Blood     Necr           #.........   87%         2    ###....
 Swiftness                Chrm/Air       #.......     87%         2    ###....
 Throw Flame              Conj/Fire      #.....       87%         2    ###....
 Call Canine Familiar     Summ           #.......     98%         3    ####...
 Confuse                  Hex            #.......     98%         3    ####...
 Conjure Flame            Conj/Fire      #.......     98%         3    ####...
 Dazzling Spray           Conj/Hex       #.....       98%         3    ####...
 Gell's Gravitas          Tloc           #.........   98%         3    ####...
 Ignite Poison            Fire/Tmut/Pois #.......     98%         3    ####...
 Inner Flame              Hex/Fire       #.......     98%         3    ####...
 Lesser Beckoning         Tloc           #.........   98%         3    ####...
 Mephitic Cloud           Conj/Pois/Air  #.......     98%         3    ####...
 Portal Projectile        Hex/Tloc       #.....       98%         3    ####...
 Spider Form              Tmut/Pois      #.........   98%         3    ####...
 Static Discharge         Conj/Air       #.......     98%         3    ####...
 Summon Guardian Golem    Hex/Summ       #.......     98%         3    ####...
 Teleport Other           Tloc           #.......     98%         3    ####...
 Tukima's Dance           Hex            #.......     98%         3    ####...
 Vampiric Draining        Necr           #.........   98%         3    ####...
 Airstrike                Air            #.........   100%        4    #####..
 Animate Dead             Necr           N/A          100%        4    #####..
 Cause Fear               Hex            #.........   100%        4    #####..
 Fulminant Prism          Conj/Hex       #.........   100%        4    #####..
 Ice Form                 Ice/Tmut       #.......     100%        4    #####..
 Passage of Golubria      Tloc           N/A          100%        4    #####..
 Petrify                  Tmut/Erth      #.......     100%        4    #####..
 Sticky Flame             Conj/Fire      #.......     100%        4    #####..
 Summon Ice Beast         Ice/Summ       #.......     100%        4    #####..
 Summon Lightning Spire   Summ/Air       #.......     100%        4    #####..
 Agony                    Necr           #.......     100%        5    ######.
 Blade Hands              Tmut           #.........   100%        5    ######.
 Bolt of Draining         Conj/Necr      #.........   100%        5    ######.
 Bolt of Magma            Conj/Fire/Erth #.........   100%        5    ######.
 Dispel Undead            Necr           #.......     100%        5    ######.
 Excruciating Wounds      Chrm/Necr      #.........   100%        5    ######.
 Fireball                 Conj/Fire      #.........   100%        5    ######.
 Iskenderun's Battlesphe  Conj/Chrm      #.......     100%        5    ######.
 Lee's Rapid Deconstruct  Erth           #.........   100%        5    ######.
 Lightning Bolt           Conj/Air       #.........   100%        5    ######.
 Metabolic Englaciation   Hex/Ice        #.........   100%        5    ######.
 Silence                  Hex/Air        #.........   100%        5    ######.
 Summon Mana Viper        Hex/Summ       #.......     100%        5    ######.
 Venom Bolt               Conj/Pois      #.........   100%        5    ######.
 Yara's Violent Unravell  Hex/Tmut       #.........   100%        5    ######.
 Bolt of Cold             Conj/Ice       #.........   100%        6    #######
 Darkness                 Hex            #.........   100%        6    #######
 Death Channel            Necr           #.........   100%        6    #######
 Deflect Missiles         Chrm/Air       #.........   100%        6    #######
 Dispersal                Tloc           #.........   100%        6    #######
 Freezing Cloud           Conj/Ice/Air   #.........   100%        6    #######
 Invisibility             Hex            #.......     100%        6    #######
 Iron Shot                Conj/Erth      #.........   100%        6    #######
 Ozocubu's Refrigeration  Ice            #.........   100%        6    #######
 Simulacrum               Ice/Necr       #.........   100%        6    #######
 Orb of Destruction       Conj           #.........   100%        7    #######
 Ring of Flames           Chrm/Fire      #.........   100%        7    #######
 Spellforged Servitor     Conj/Summ      #.........   100%        7    #######
 Summon Hydra             Summ           #.........   100%        7    #######
 Discord                  Hex            #.........   100%        8    #######


Dungeon Overview and Level Annotations

Branches:
Dungeon (14/15)            Temple (1/1) D:5            Lair (6/6) D:9
 Shoals (4/4) Lair:2        Snake (4/4) Lair:3        Slime (0/5) Lair:5
    Orc (2/2) D:12            Elf (3/3) Orc:2        Vaults (2/5) D:13
  Crypt: Vaults:2-3

Altars:
Ashenzari
Cheibriados
Dithmenos
Elyvilon
Fedhas
Gozag
Hepliaklqana
Kikubaaqudgha
Makhleb
Nemelex Xobeh
Okawaru
Qazlal
Ru
Sif Muna
Trog
Xom
Yredelemnul
Zin
The Shining One

Shops:
D:5 ((   D:12 =   Orc:2 :*[:   Elf:1 }=}   Shoals:4 }   Vaults:1 %

Annotations:
Vaults:2 Morbidden's ghost, adept DrMo


Innate Abilities, Weirdness & Mutations

You reflexively headbutt those who attack you in melee.
You have a pair of horns on your head.
You tend to lose your temper in combat.
You are dopey. (Int -2)
You are extremely frail. (-30% HP)


Message History

You feel sick. Morbidden's ghost misses you.
You riposte.
You slice Morbidden's ghost!! Your headbutt misses Morbidden's ghost.
Morbidden's ghost is severely damaged.
Unknown command.
You miss Morbidden's ghost. Your headbutt misses Morbidden's ghost.
Morbidden's ghost is severely damaged.
You feel sick. Morbidden's ghost casts a spell at you.
The ball explodes into a vile cloud!
The stinking cloud engulfs you but does no damage.
The stinking cloud engulfs Morbidden's ghost but does no damage.
You completely miss Morbidden's ghost. Your headbutt misses Morbidden's ghost.
Morbidden's ghost is severely damaged.
Morbidden's ghost hits you!
* * * LOW HITPOINT WARNING * * *
Unknown command.
You miss Morbidden's ghost.
Morbidden's ghost is severely damaged.
You feel sick. Morbidden's ghost hits you!!
You die...

,,,* #.##.8.....8 ,,,*
#.#......... *,,* #.#..8.....8
*,,* ### #.#......... *,,*
###[### #.##.8.....8 ,,,*
###"#!#:###..#........ *,,*
#$:?⌠_⌠!.[##.###'''''# *,,*
*#..°☼○..#*#...#.....# ****
####W@'######..#....(#
#...°§....# #(........
#.........# #(#####...
*###############'#######((.......
,............................#...
,.......................)....#...
,....................(.......#...
.............................+...
....................(........#...


You could see Morbidden's ghost.

Vanquished Creatures
  3 ancient liches (Vaults:2)
  Mara (Snake:3)
  Vashnia (Snake:4)
  Rupert (D:13)
  Jorgrun (D:12)
  Asterion (Elf:3)
  The ghost of Forgol the Severer, an adept DsFi of Trog (Snake:4)
  3 deep elf blademasters
  3 deep elf master archers (Elf:3)
  A lich (Vaults:2)
  Frances (D:13)
  A tentacled starspawn (Abyss:2)
  Kirke (D:13)
  The ghost of Lusmu the Bludgeoner, an adept MiBe of Trog (Shoals:4)
  Roxanne (Elf:1)
  11 nagarajas
  Ilsuiw (Shoals:4)
  A cacodemon (Abyss:2)
  3 imperial myrmidons (Desolation)
  A fire giant (Vaults:1)
  An orc warlord (D:12)
  2 iron dragons (Elf:1)
  A vault warden (Vaults:1)
  6 deep elf sorcerers
  The ghost of Inugoy the Fighter, a journeyman HOFi of Beogh (Lair:5)
  5 deep elf elementalists
  5 ironheart preservers
  A very ugly thing (Abyss:2)
  A stone giant (Shoals:1)
  Nessos (Orc:2)
  10 deep elf demonologists
  3 halazid warlocks (Desolation)
  12 deep elf annihilators
  4 merfolk javelineers (Shoals:4)
  4 small abominations
  6 deep elf death magi
  A fire dragon (Vaults:1)
  Snorg (D:12)
  Josephine (D:11)
  A crystal guardian (Desolation)
  7 merfolk impalers
  3 ragged hierophants (Desolation)
  4 yaktaur captains
  5 deep elf high priests
  A great orb of eyes (Abyss:2)
  Erolcha (D:12)
  2 ice dragons (Elf:1)
  5 servants of whispers (Desolation)
  4 hydras
  The ghost of riffraff the Thaumaturge, a journeyman GnSk of the Shining One (Lair:1)
  12 peacekeepers
  7 anacondas
  Erica (Lair:1)
  2 catoblepae (Lair:6)
  16 naga warriors
  A merfolk avatar (Shoals:2)
  7 centaur warriors
  A merfolk aquamancer (Shoals:4)
  19 two-headed ogres
  An alligator (Lair:6)
  6 ogre magi
  6 satyrs
  36 dancing weapons
  Urug (D:10)
  3 death yaks (Lair:6)
  22 naga sharpshooters
  5 shock serpents
  A thrashing horror (Abyss:2)
  4 orc high priests
  2 sixfirhies (Abyss:2)
  19 deep elf knights
  4 large abominations
  A shadow wraith (Vaults:1)
  18 sea snakes
  3 salamander mystics (Snake:2)
  12 deep elf archers
  9 skeletal warriors
  An unseen horror (shapeshifter) (Elf:3)
  A wizard (Vaults:1)
  An anaconda zombie (Abyss:2)
  10 naga ritualists
  A phantasmal warrior (Abyss:2)
  The ghost of Stajl the Skirmisher, a novice HOFi of Beogh (D:5)
  6 orc knights
  15 harpies
  2 wolf spiders
  4 ironbrand convokers
  2 lindwurms (Lair:6)
  9 mana vipers
  22 fauns
  10 orc sorcerers
  A shining eye (shapeshifter) (Vaults:1)
  12 salamanders
  49 deep elf magi
  18 ugly things
  10 cyclopes
  A worldbinder (Abyss:2)
  14 merfolk sirens
  17 manticores
  26 naga magi
  2 elephants (Lair:6)
  6 vault sentinels
  Psyche (D:11)
  6 guardian serpents
  2 water nymphs (Shoals:2)
  36 black mambas
  A smoke demon (Abyss:2)
  Joseph (D:8)
  A spiny frog (shapeshifter) (Vaults:1)
  12 spiny frogs
  A molten gargoyle (Desolation)
  A torpor snail (Lair:6)
  An orange demon (Vaults:1)
  A storm dragon simulacrum (Vaults:2)
  A komodo dragon (shapeshifter) (Vaults:1)
  A rime drake (Lair:2)
  2 gargoyles
  6 komodo dragons
  A freezing wraith (Vaults:1)
  7 yaktaurs (Vaults:1)
  2 starcursed masses (Abyss:2)
  An ancient zyme (Abyss:2)
  6 trolls
  2 hornets
  21 merfolk
  A queen bee (Lair:4)
  3 wind drakes
  A polar bear (shapeshifter) (Elf:1)
  6 meliai
  2 polar bears
  47 saltlings (Desolation)
  2 jumping spiders (shapeshifter) (Vaults:1)
  14 hippogriffs
  20 slime creatures
  Prince Ribbit (D:9)
  16 blink frogs
  3 raiju (Abyss:2)
  9 dream sheep
  A harpy skeleton (Abyss:2)
  12 snapping turtles
  An air elemental (Elf:1)
  A vampire (D:13)
  A shadow (D:11)
  12 water elementals
  A ynoxinul (Abyss:2)
  41 yaks
  A neqoxec (Abyss:2)
  5 wraiths (D:11)
  2 hogs (D:13)
  Grum (D:9)
  4 fire elementals
  2 steam dragons
  3 basilisks
  2 hungry ghosts (D:13)
  7 vampire mosquitoes (D:12)
  A warg (shapeshifter) (Vaults:1)
  51 nagas
  3 wargs
  A hell hound (Abyss:2)
  15 water moccasins
  7 porcupines
  2 ice beasts
  49 orc warriors
  3 phantoms
  A sky beast (D:7)
  2 black bears
  4 boggarts (Vaults:1)
  29 ogres
  An eye of draining (D:13)
  34 wolves
  18 centaurs
  10 crocodiles
  A crocodile (shapeshifter) (D:13)
  3 big kobolds
  14 bullfrogs
  2 water moccasin zombies
  2 earth elementals (Elf:1)
  6 scorpions
  25 killer bees
  A human simulacrum (Vaults:1)
  9 electric eels
  9 wights
  3 howler monkeys
  2 vampire bats (Lair:3)
  A bullfrog zombie (D:9)
  13 crimson imps
  A quasit (Abyss:2)
  A centaur zombie (D:7)
  27 orc priests
  7 jellies
  2 bullfrog skeletons
  2 centaur skeletons
  3 hounds
  31 orc wizards
  5 iguanas
  11 worker ants
  A hound skeleton (D:8)
  A howler monkey skeleton (D:6)
  8 gnolls
  26 adders
  A shadow imp (D:7)
  2 oozes
  2 adder skeletons
  An adder zombie (D:8)
  3 worms
  2 dart slugs
  8 leopard geckos
  106 orcs
  6 giant cockroaches
  3 goblins
  6 hobgoblins
  10 jackals
  17 kobolds
  4 quokkas
  A ball python (D:4)
  A ball python skeleton (D:4)
  17 bats
  8 frilled lizards
  2 jackal skeletons
  A quokka skeleton (D:4)
  A quokka zombie (D:6)
  5 rats
  A butterfly (D:5)
  2 crawling corpses (Elf:1)
  6 fungi
  12 plants
1610 creatures vanquished.

Vanquished Creatures (others)
  An unseen horror (shapeshifter) (Elf:1)
  An efreet (Abyss:2)
  A raiju (Abyss:2)
  A saltling (Desolation)
  An orc wizard (Vaults:1)
  An adder skeleton (D:8)
  An orc (Elf:1)
  2 bushes (Lair:4)
  21 fungi (Lair:4)
  73 plants
  2 starspawn tentacles (Abyss:2)
105 creatures vanquished.

Grand Total: 1715 creatures vanquished

Notes
Turn   | Place    | Note
-------+----------+-------------------------------------------
     0 | D:1      | Peloso the Minotaur Fighter began the quest for the Orb.
     0 | D:1      | Reached XP level 1. HP: 19/19 MP: 0/0
   377 | D:1      | Reached XP level 2. HP: 27/27 MP: 1/1
   533 | D:1      | Reached skill level 4 in Shields
   748 | D:2      | Reached XP level 3. HP: 26/33 MP: 2/2
   876 | D:2      | Reached XP level 4. HP: 27/40 MP: 3/3
  1106 | D:2      | Found a deep blue altar of Sif Muna.
  1442 | D:3      | Reached skill level 5 in Shields
  1540 | D:3      | Found a hazy altar of Hepliaklqana.
  1871 | D:3      | Reached XP level 5. HP: 47/47 MP: 4/4
  2175 | D:4      | Reached skill level 5 in Fighting
  2191 | D:4      | Reached skill level 1 in Dodging
  2196 | D:4      | Reached XP level 6. HP: 48/56 MP: 5/5
  2312 | D:4      | Reached skill level 6 in Shields
  2811 | D:4      | HP: 1/56 [ogre/cursed -1 giant club (16)]
  2825 | D:4      | HP: 1/56 [bullfrog skeleton (1)]
  3196 | D:4      | Found a snail-covered altar of Cheibriados.
  3203 | D:4      | Reached skill level 5 in Long Blades
  3424 | D:4      | Reached skill level 5 in Armour
  3424 | D:4      | Reached XP level 7. HP: 50/61 MP: 6/6
  3863 | D:5      | Entered Level 5 of the Dungeon
  3866 | D:5      | Found a staircase to the Ecumenical Temple.
  3879 | D:5      | Found Cankaf's Antique Weapon Emporium.
  4032 | Temple   | Entered the Ecumenical Temple
  4043 | Temple   | Became a worshipper of Warmaster Okawaru
  4435 | D:5      | Found a transporter.
  4435 | D:5      | Noticed Stajl's ghost (novice HOFi)
  4445 | D:5      | Found Uhit's Weapon Shop.
  4578 | D:5      | Found a transporter.
  5114 | D:5      | Reached XP level 8. HP: 44/70 MP: 7/7
  5510 | D:6      | Reached skill level 7 in Shields
  5955 | D:6      | Identified the +9 chain mail of the Invisible Stories
                  | {Int+2}
  6491 | D:6      | Reached * piety under Okawaru
  6685 | D:6      | Reached skill level 8 in Shields
  6978 | D:7      | Reached XP level 9. HP: 78/78 MP: 8/8
  7282 | D:7      | Noticed a manticore
  7295 | D:7      | Killed a manticore
  7295 | D:7      | Reached ** piety under Okawaru
  7295 | D:7      | Reached skill level 9 in Shields
  7875 | D:7      | Found a faded altar of an unknown god.
  7875 | D:7      | Found a shattered altar of Ashenzari.
  7880 | D:7      | Found an ancient bone altar of Kikubaaqudgha.
  7892 | D:7      | Found a faded altar of an unknown god.
  7896 | D:7      | Found a sparkling altar of Nemelex Xobeh.
  7981 | D:8      | Reached *** piety under Okawaru
  8096 | D:8      | Noticed Joseph
  8140 | D:7      | Reached skill level 10 in Long Blades
  8371 | D:8      | Killed Joseph
  8371 | D:8      | Reached skill level 10 in Shields
  8371 | D:8      | Reached XP level 10. HP: 65/86 MP: 7/9
  8442 | D:8      | Got a pair of slimy gloves
  8453 | D:8      | Identified the +2 pair of gloves "Fuel Caora" {+Inv} (You
                  | found it on level 8 of the Dungeon)
  8685 | D:8      | Found a bloodstained altar of Trog.
  8937 | D:8      | Reached **** piety under Okawaru
  9383 | D:5      | Killed Stajl's ghost
  9551 | D:9      | Noticed a two-headed ogre
  9561 | D:9      | Killed a two-headed ogre
  9625 | D:9      | Reached skill level 11 in Shields
  9640 | D:9      | Reached ***** piety under Okawaru
  9946 | D:9      | Reached skill level 1 in Stealth
 10082 | D:9      | Noticed Prince Ribbit
 10118 | D:9      | Received a gift from Okawaru
 10134 | D:9      | Killed Prince Ribbit
 10486 | D:9      | Found a glowing golden altar of the Shining One.
 10486 | D:9      | Found an opulent altar of Gozag.
 10524 | D:9      | Found a staircase to the Lair.
 10567 | D:9      | Received a gift from Okawaru
 10567 | D:9      | Reached XP level 11. HP: 95/95 MP: 10/10
 10669 | D:9      | Noticed Grum
 10683 | D:9      | Killed Grum
 10797 | D:10     | Entered Level 10 of the Dungeon
 10874 | D:10     | Reached skill level 12 in Shields
 11268 | D:10     | Noticed Urug
 11305 | D:10     | Killed Urug
 11671 | D:11     | Noticed Josephine
 11726 | D:11     | Noticed Psyche
 11735 | D:11     | Killed Josephine
 11756 | D:11     | Killed Psyche
 11756 | D:11     | Received a gift from Okawaru
 12335 | D:11     | Noticed a skeletal warrior
 12335 | D:11     | Noticed a skeletal warrior
 12335 | D:11     | Noticed a skeletal warrior
 12335 | D:11     | Noticed a skeletal warrior
 12347 | D:11     | Killed a skeletal warrior
 12347 | D:11     | Reached skill level 1 in Invocations
 12354 | D:11     | Killed a skeletal warrior
 12354 | D:11     | Received a gift from Okawaru
 12361 | D:11     | Killed a skeletal warrior
 12369 | D:11     | Killed a skeletal warrior
 12369 | D:11     | Reached skill level 10 in Armour
 12740 | D:11     | Reached skill level 13 in Shields
 12838 | D:11     | Reached XP level 12. HP: 95/106 MP: 11/11
 12856 | D:11     | Noticed a four-headed hydra
 12869 | D:11     | Killed an eight-headed hydra
 13160 | Lair:1   | Entered Level 1 of the Lair of Beasts
 13164 | Lair:1   | Noticed a seven-headed hydra
 13175 | Lair:1   | Killed a ten-headed hydra
 13175 | Lair:1   | Reached skill level 10 in Fighting
 13244 | Lair:1   | Found a runed translucent gate.
 13245 | Lair:1   | Found a runed translucent gate.
 13245 | Lair:1   | Noticed riffraff's ghost (journeyman GnSk)
 13246 | Lair:1   | Found a runed translucent gate.
 13464 | Lair:1   | Noticed Erica
 13480 | Lair:1   | Killed Erica
 13558 | Lair:1   | Noticed a five-headed hydra
 13565 | Lair:1   | Killed a two-headed hydra
 14105 | Lair:2   | Reached ****** piety under Okawaru
 14360 | Lair:2   | Received a gift from Okawaru
 14363 | Lair:2   | Got a slimy shield {god gift}
 14375 | Lair:2   | Identified the +0 shield of Fysmut {Dex+3} (Okawaru gifted
                  | it to you on level 2 of the Lair of Beasts)
 14485 | Lair:2   | Found a staircase to the Shoals.
 14989 | Lair:3   | Found a staircase to the Snake Pit.
 14991 | Lair:3   | Reached skill level 14 in Shields
 15034 | Lair:3   | Reached XP level 13. HP: 116/116 MP: 13/13
 15068 | Lair:3   | Reached skill level 5 in Dodging
 17342 | Lair:4   | Received a gift from Okawaru
 17444 | Lair:4   | Reached skill level 15 in Long Blades
 17651 | Lair:4   | Reached skill level 15 in Shields
 18581 | D:12     | Noticed Erolcha
 18592 | D:12     | Killed Erolcha
 18994 | D:12     | Noticed Jorgrun
 19005 | D:12     | Killed Jorgrun
 19005 | D:12     | Received a gift from Okawaru
 19005 | D:12     | Reached skill level 1 in Evocations
 19021 | D:12     | Got an iridescent long sword {god gift}
 19022 | D:12     | Identified the +5 long sword "Beastbane" {holy, Fragile
                  | rC++} (Okawaru gifted it to you on level 12 of the Dungeon)
 19065 | D:12     | Found a staircase to the Orcish Mines.
 19132 | D:12     | Noticed Snorg
 19146 | D:12     | Killed Snorg
 19270 | D:12     | Found Qerghit's Jewellery Boutique.
 19273 | D:12     | Bought an uncursed amulet of faith for 400 gold pieces
 19273 | D:12     | Bought the ring of Ru's Fury {EV+4 Int+5 Dex+4} for 619
                  | gold pieces
 19526 | D:13     | Noticed Frances
 19545 | D:13     | Killed Frances
 19722 | D:13     | Noticed Rupert
 19746 | D:13     | Killed Rupert
 19746 | D:13     | Received a gift from Okawaru
 19746 | D:13     | Reached XP level 14. HP: 38/127 MP: 11/14
 20571 | D:13     | Noticed Kirke
 20590 | D:13     | Killed Kirke
 20648 | D:13     | Reached skill level 16 in Shields
 21049 | D:13     | Noticed an ironheart preserver
 21062 | D:13     | Killed an ironheart preserver
 21062 | D:13     | Received a gift from Okawaru
 21063 | D:13     | Found a gate to the Vaults.
 21605 | Lair:5   | Found a runed translucent gate.
 21605 | Lair:5   | Found a runed translucent gate.
 21605 | Lair:5   | Found a runed translucent gate.
 21605 | Lair:5   | Noticed Inugoy's ghost (journeyman HOFi)
 21671 | Lair:5   | Found a staircase to the Slime Pits.
 22172 | Lair:5   | Killed Inugoy's ghost
 22211 | Lair:6   | Entered Level 6 of the Lair of Beasts
 23126 | Lair:6   | Received a gift from Okawaru
 23387 | Lair:6   | Received a gift from Okawaru
 23392 | Lair:6   | Reached skill level 17 in Shields
 23406 | Lair:6   | Reached XP level 15. HP: 59/136 MP: 15/15
 24364 | Orc:1    | Entered Level 1 of the Orcish Mines
 24373 | Orc:1    | Noticed an orc warlord
 24389 | Orc:1    | Paralysed by an orc sorcerer for 4 turns
 24397 | Orc:1    | Paralysed by an orc sorcerer for 2 turns
 24475 | D:12     | Killed an orc warlord
 24733 | Orc:2    | Entered Level 2 of the Orcish Mines
 24733 | Orc:2    | Found a staircase to the Elven Halls.
 24740 | Orc:2    | Received a gift from Okawaru
 24957 | Orc:2    | Noticed Nessos
 24986 | Orc:2    | Killed Nessos
 24990 | Orc:2    | Received a gift from Okawaru
 25606 | Orc:2    | Found Sool's Book Boutique.
 26497 | Orc:2    | Found Gizeuf's Assorted Antiques.
 26504 | Orc:2    | Bought an inky potion for 21 gold pieces
 26504 | Orc:2    | Bought a scroll labeled DEBBUR NAESKOC for 24 gold pieces
 26504 | Orc:2    | Found Rewamm's Book Emporium.
 26506 | Orc:2    | Found Hiucoyrgh's Antique Armour Boutique.
 28242 | Lair:1   | Received a gift from Okawaru
 28254 | Lair:1   | Killed riffraff's ghost
 28259 | Lair:1   | Got a pair of polished boots {god gift}
 28271 | Lair:1   | Identified the +1 pair of boots of Gutoatot {rC- Int+4
                  | SInv} (Okawaru gifted it to you on level 1 of the Lair of
                  | Beasts)
 28582 | Shoals:1 | Entered Level 1 of the Shoals
 28603 | Shoals:1 | Identified 2 scrolls of acquirement
 28684 | Shoals:1 | Reached skill level 18 in Shields
 28742 | Shoals:1 | Got a bronze chain mail
 29015 | Shoals:1 | Identified the +6 chain mail "Holun" {rC- Int+6 Dex+3} (You
                  | found it on level 1 of the Shoals)
 29249 | Shoals:1 | Reached XP level 16. HP: 137/147 MP: 16/16
 29520 | Shoals:2 | Reached skill level 15 in Fighting
 29549 | Shoals:2 | Received a gift from Okawaru
 29557 | Shoals:2 | Got a fine chain mail
 29559 | Shoals:2 | Got a warped scale mail {god gift}
 29766 | Shoals:2 | Identified the +4 chain mail "Ynleuz" {rC+ Regen+ Dex+2
                  | Stlth+} (You found it on level 2 of the Shoals)
 31003 | Shoals:3 | Reached skill level 19 in Shields
 31661 | Snake:1  | Entered Level 1 of the Snake Pit
 31686 | Snake:1  | Received a gift from Okawaru
 32154 | Snake:1  | Received a gift from Okawaru
 33479 | Snake:2  | Reached skill level 20 in Shields
 33479 | Snake:2  | Reached XP level 17. HP: 158/158 MP: 17/17
 34187 | Snake:2  | Received a gift from Okawaru
 34586 | Lair:1   | Identified the +0 scale mail of the City {MR+ Str-4 Int+2
                  | Dex+5} (Okawaru gifted it to you on level 2 of the Shoals)
 35134 | Snake:3  | Received a gift from Okawaru
 35176 | Snake:3  | Got a distressingly furry scale mail
 35182 | Snake:4  | Entered Level 4 of the Snake Pit
 35645 | Snake:4  | Found a runed translucent door.
 35684 | Snake:4  | Noticed Forgol's ghost (adept DsFi)
 36339 | Snake:4  | Reached skill level 15 in Armour
 36355 | Snake:4  | Reached skill level 21 in Shields
 36367 | Snake:4  | Received a gift from Okawaru
 36729 | Snake:4  | Noticed Vashnia
 36786 | Snake:4  | Killed Vashnia
 37361 | Snake:4  | Noticed Mara
 37374 | Snake:4  | Reached XP level 18. HP: 125/169 MP: 14/18
 37379 | Snake:4  | Received a gift from Okawaru
 37384 | Snake:4  | Noticed Peloso's illusion
 37882 | Shoals:4 | Entered Level 4 of the Shoals
 38149 | Shoals:4 | Found Bamim's Gadget Shop.
 38214 | Shoals:4 | Got a barnacled rune of Zot
 38340 | Shoals:4 | Received a gift from Okawaru
 39138 | Shoals:4 | Noticed Ilsuiw
 39141 | Shoals:4 | Identified the +7 spear of Wrath {freeze, rN+ Str+4}
 39151 | Shoals:4 | Killed Ilsuiw
 39308 | Shoals:4 | Found a runed translucent door.
 39310 | Shoals:4 | Found a shimmering altar of Xom.
 39310 | Shoals:4 | Noticed Lusmu's ghost (adept MiBe)
 39310 | Shoals:4 | Identified the +8 morningstar of Erisemot {chaos, Str+3
                  | Dex+4}
 39459 | Shoals:4 | Identified the ring of Elaan {Ice Str+3 Dex+4}
 39481 | Shoals:4 | Got a brightly glowing steel amulet
 39501 | Shoals:4 | Identified the amulet "Evohegga" {rF++ MR++ Regen+} (You
                  | found it on level 4 of the Shoals)
 39733 | Shoals:4 | Killed Lusmu's ghost
 40277 | Snake:4  | Noticed Peloso's illusion
 40297 | Snake:3  | Killed Mara
 40297 | Snake:3  | Reached skill level 22 in Shields
 41073 | Snake:4  | Received a gift from Okawaru
 41079 | Snake:4  | Got a twisted falchion {god gift}
 41080 | Snake:4  | Identified the +7 falchion of Inconvenience {protect, rElec
                  | rPois Int+3} (Okawaru gifted it to you on level 4 of the
                  | Snake Pit)
 41672 | Snake:4  | Got a serpentine rune of Zot
 41988 | Snake:4  | Killed Forgol's ghost
 42188 | Lair:1   | Identified the cursed +0 scale mail of Untold Secrets
                  | {+Blink rPois} (You found it on level 3 of the Snake Pit)
 42453 | Vaults:1 | Entered Level 1 of the Vaults
 42474 | D:13     | Received a gift from Okawaru
 42828 | D:13     | Reached XP level 19. HP: 106/179 MP: 12/20
 42936 | Vaults:1 | Cast into level 2 of the Abyss (a deep elf sorcerer)
 43598 | Vaults:1 | Escaped the Abyss
 43604 | Vaults:1 | Received a gift from Okawaru
 43916 | Elf:1    | Entered Level 1 of the Elven Halls
 44221 | Elf:1    | Reached skill level 23 in Shields
 44238 | Elf:1    | Found Zaqyim's Gadget Shop.
 44249 | Elf:1    | Found Jahir's Jewellery Emporium.
 44250 | Elf:1    | Found Atogge's Gadget Shop.
 44406 | Elf:1    | Identified Roxanne's Handbook of Transformation
 44406 | Elf:1    | Noticed Roxanne
 44446 | Elf:1    | Killed Roxanne
 44495 | Elf:1    | Received a gift from Okawaru
 44503 | Elf:1    | Got a scorched hand crossbow {god gift}
 44504 | Elf:1    | Identified the +0 hand crossbow of Defiance {elec, rN+}
                  | (Okawaru gifted it to you on level 1 of the Elven Halls)
 45109 | Elf:1    | Identified the cursed +0 spear of Evisceration {pierce,
                  | -Tele +Rage Str+2 SInv}
 45450 | Elf:1    | Noticed a Tzitzimitl
 45690 | Elf:1    | Found a runed translucent gate.
 45690 | Elf:1    | Found a runed translucent gate.
 45690 | Elf:1    | Found a runed translucent gate.
 45690 | Elf:1    | Found a runed translucent gate.
 45690 | Elf:1    | Found a runed translucent gate.
 45692 | Elf:1    | Found a runed translucent gate.
 45892 | Elf:1    | Received a gift from Okawaru
 46081 | Elf:2    | Reached skill level 10 in Dodging
 46296 | Elf:2    | Found a huge runed translucent gate.
 46296 | Elf:2    | Found a huge runed translucent gate.
 46298 | Elf:2    | Found a huge runed translucent gate.
 46299 | Elf:2    | Found a huge runed translucent gate.
 46303 | Elf:2    | Found a huge runed translucent gate.
 46890 | Elf:2    | Received a gift from Okawaru
 46890 | Elf:2    | Reached skill level 24 in Shields
 46890 | Elf:2    | Reached XP level 20. HP: 175/189 MP: 19/21
 47277 | Elf:3    | Entered Level 3 of the Elven Halls
 47492 | Elf:3    | Noticed Asterion
 47509 | Elf:3    | Killed Asterion
 47812 | Elf:3    | Gained mutation: You are frail. (-10% HP) [a neqoxec]
 47814 | Elf:3    | Gained mutation: You are very frail. (-20% HP) [a neqoxec]
 47822 | Elf:3    | Gained mutation: You tend to lose your temper in combat. [a
                  | neqoxec]
 48912 | Elf:3    | Identified the cursed +1 ring mail of the Stars {*Slow +Inv
                  | rElec rC+++}
 49754 | Elf:3    | Received a gift from Okawaru
 50051 | Elf:3    | Identified the +6 hand axe of Distraction {freeze, rN+}
 50472 | Elf:3    | Identified the +7 dire flail of Hute {freeze, Int+2}
 50620 | Elf:3    | Identified the Compendium of Boosting Displacement
 50668 | Elf:3    | Identified the Tome of Dark Battle Magic
 51458 | Vaults:1 | Gained mutation: You are dopey. (Int -2) [a shining eye]
 51459 | Vaults:1 | Gained mutation: You are extremely frail. (-30% HP) [a
                  | shining eye]
 51464 | Vaults:1 | Reached skill level 25 in Shields
 51573 | Vaults:1 | Found Useewk's Food Boutique.
 51702 | Vaults:1 | Received a gift from Okawaru
 52408 | Vaults:1 | Reached XP level 21. HP: 129/140 MP: 22/22
 53094 | Vaults:2 | Found a ruined gateway.
 53114 | Desolati | Entered the Desolation of Salt
 53812 | Desolati | Identified the Collected Works on Evil and Beguiling
 53842 | Desolati | Identified the Compendium of the Arsonist
 54086 | Desolati | Received a gift from Okawaru
 54111 | Desolati | Got a jewelled scimitar {god gift}
 54112 | Desolati | Identified the +10 scimitar of Ucivo {slice, rN+ MR+ Dex-2}
                  | (Okawaru gifted it to you in the Desolation of Salt)
 54220 | Desolati | Identified the Reference Book on Boosting Weightlessness
 54235 | Desolati | Got a bound pewter amulet
 54236 | Desolati | Identified the amulet "Haoriuri" {*Corrode rF++ Regen+ MP+9
                  | SInv} (You found it in the Desolation of Salt)
 54238 | Desolati | Got a bloodstained shortbow
 54706 | Desolati | Found the +4 skin of Zhor {Hibernate rC+++ SInv}
 54707 | Desolati | Reached skill level 26 in Shields
 54714 | Desolati | Got a scorched pewter amulet
 54736 | Desolati | Got a translucent falchion
 54737 | Desolati | Identified the +1 falchion of Ulobaaf {holy, *Drain MR+
                  | Stlth+} (You found it in the Desolation of Salt)
 54743 | Desolati | Identified the amulet "Cyel" {Spirit rC++ Str+4 Stlth-}
                  | (You found it in the Desolation of Salt)
 55080 | Vaults:2 | Found a runed translucent gate.
 55080 | Vaults:2 | Found a runed translucent gate.
 55080 | Vaults:2 | Found an ancient bone altar of Kikubaaqudgha.
 55080 | Vaults:2 | Noticed an ancient lich
 55080 | Vaults:2 | Noticed an ancient lich
 55080 | Vaults:2 | Noticed Morbidden's ghost (adept DrMo)
 55081 | Vaults:2 | Found a runed translucent gate.
 55081 | Vaults:2 | Noticed an ancient lich
 55101 | Vaults:2 | Killed an ancient lich
 55116 | Vaults:2 | Killed an ancient lich
 55117 | Vaults:2 | Killed an ancient lich
 55135 | Vaults:2 | Slain by Morbidden's ghost

Skill      XL: |  1  2  3  4  5  6  7  8  9 10 11 12 13 14 15 16 17 18 19 20 21 |
---------------+----------------------------------------------------------------+-----
Shields        | 4 5 6 8 10 11 13 14 15 17 18 20 21 22 24 25 26 | 26.2
Fighting       | 4 5 6 7 8 9 11 12 13 14 15 17 18 19 20 | 20.4
Long Blades    | 3 4 5 6 8 10 11 13 14 15 16 17 18 19 20 | 20.9
Armour         | 4 5 6 7 8 9 10 11 12 13 14 15 16 17 | 17.2
Dodging        | 1 2 3 4 6 7 8 9 10 11 | 11.2
Stealth        | 1 2 3 4 |  4.0
Invocations    | 1 2 3 |  3.6
Evocations     | 1 2 |  2.6

Action                   |  1- 3 |  4- 6 |  7- 9 | 10-12 | 13-15 | 16-18 | 19-21 || total
-------------------------+-------+-------+-------+-------+-------+-------+-------++-------
Melee: Long sword        |    74 |   164 |   438 |   156 |   308 |       |       ||  1140
       Headbutt          |    10 |    31 |    91 |   202 |   464 |   600 |   944 ||  2342
       Scimitar          |       |       |       |   692 |   232 |       |   127 ||  1051
       Demon blade       |       |       |       |       |   124 |       |       ||   124
       Double sword      |       |       |       |       |   785 |  1456 |       ||  2241
       Falchion          |       |       |       |       |       |   326 |  1940 ||  2266
Invok: Heroism           |       |       |     1 |    12 |     4 |    10 |     7 ||    34
       Finesse           |       |       |       |     1 |       |     2 |       ||     3
Evoke: Wand              |       |       |       |       |    13 |    11 |    10 ||    34
  Use: Scroll            |       |       |       |    14 |    16 |    13 |    14 ||    57
       Potion            |       |       |       |     5 |     1 |     5 |     7 ||    18
  Eat: Chunk             |       |     8 |    17 |    22 |    44 |    23 |    38 ||   152
       Ration            |       |       |       |       |     1 |     7 |     1 ||     9
Armor: Scale mail        |    48 |    22 |       |       |       |       |       ||    70
       Chain mail        |       |    49 |   175 |   295 |   533 |   392 |   451 ||  1895
       Skin              |       |       |       |    17 |       |       |       ||    17
Dodge: Dodged            |    43 |    65 |   190 |   339 |   652 |   841 |   872 ||  3002
Block: Shield            |    64 |   113 |   267 |   541 |  1070 |  1634 |  1640 ||  5329
       Rpst.: Long sword |    11 |    18 |    47 |    12 |    21 |       |       ||   109
       Scimitar          |       |       |       |    61 |    31 |       |    12 ||   104
       Demon blade       |       |       |       |       |    11 |       |       ||    11
       Double sword      |       |       |       |       |    90 |   115 |       ||   205
       Falchion          |       |       |       |       |       |    17 |   156 ||   173
